 Dungeon Crawl Stone Soup version 0.32-a0-30-gefbe487952 (webtiles) character file.

Game seed: 4754909541150425021

6618 CowFu the Metamorph (level 10, -12/79 HPs)
             Began as a Green Draconian Shapeshifter on Jan 19, 2024.
             Was a High Priest of Trog.
             Incinerated by a deep elf pyromancer (15 damage)
             ... with a pyre arrow
             ... in a bailey.
             The game lasted 00:17:45 (8075 turns).

CowFu the Metamorph (Green Draconian Shapeshifter)  Turns: 8075, Time: 00:17:46

Health: -12/79     AC: 14    Str: 20    XL:     10   Next: 72%
Magic:  10/10      EV: 16    Int: 12    God:    Trog [*****.]
Gold:   599        SH:  0    Dex: 10    Spells: 9/9 levels left

rFire   . .          .
                       - Unarmed
rCold   . . .        (shield currently unavailable)
rNeg    + . .        (body armour unavailable)
rPois   +            (helmet restricted)
rElec   .            j - scarf {+Inv}
rCorr   .            F - +0 pair of gloves
SInv    .            e - +1 pair of boots
Will    .....        q - amulet of regeneration
Stlth   +            r - ring of positive energy
HPRegen 1.13/turn    B - +4 ring of protection
MPRegen 0.12/turn

%: no passive effects
@: on fire, flux-form, on berserk cooldown, slowed, glowing, studying Unarmed
Combat, very slow
A: glow, contaminating, breathe noxious fumes, AC +7, unfitting armour, poison
resistance, cold-blooded
a: Breathe Noxious Fumes, Begin Untransformation, Renounce Religion, Evoke
Invisibility, Berserk, Trog's Hand, Brothers in Arms


You were in a bailey.
You worshipped Trog.
Trog was extremely pleased with you.
You were something dangerously unstable.
You visited 1 branch of the dungeon, and saw 9 of its levels.
You also visited: Sewer and Bailey.

You collected 599 gold pieces.

Inventory:

Hand Weapons
 D - the +6 sling "Giliojeng" {drain, rCorr}
   (You found it on level 7 of the Dungeon)

   rCorr:     It protects you from acid and corrosion.
Armour
 e - a +1 pair of boots (worn)
 j - a scarf of invisibility (worn)
 F - a +0 pair of gloves (worn)
 G - a +0 tower shield
Jewellery
 k - an amulet of guardian spirit
 q - an amulet of regeneration (around neck)
 r - a ring of positive energy (left hand)
 B - a +4 ring of protection (right hand)
Talismans
 b - a beast talisman
 c - a flux talisman (active)
 y - a granite talisman
Wands
 x - a wand of paralysis (18)
 C - a wand of iceblast (8)
 H - a wand of flame (24)
Scrolls
 f - a scroll of vulnerability
 g - 3 scrolls of enchant weapon
 i - 3 scrolls of teleportation
 m - 3 scrolls of identify
 n - a scroll of blinking
 v - a scroll of fog
Potions
 a - a potion of lignification
 d - a potion of mutation {unknown}
 h - a potion of might
 l - 3 potions of haste
 o - 2 potions of enlightenment
 p - 4 potions of curing
 s - 4 potions of brilliance
 u - a potion of attraction
 w - a potion of berserk rage {unknown}


   Skills:
 - Level 4.2 Fighting
 - Level 3.8 Dodging
 - Level 12.0 Unarmed Combat
 + Level 15.1 Shapeshifting


You had 9 spell levels left.
You didn't know any spells.
Your spell library contained the following spells:

 Spells                   Type           Power      Damage    Failure   Level
 Leda's Liquefaction      Alch/Erth      0%         N/A       97%         4
 Lee's Rapid Deconstruct  Erth           0%         3d4*      100%        5
 Bombard                  Conj/Erth      0%         9d1       100%        6


Dungeon Overview and Level Annotations

Branches:
Dungeon (9/15)             Temple (0/1) D:4           Sewer (visited)
 Bailey (1/1)
   Lair: D:8-11         Orc: D:9-12

Altars:
Ashenzari
Cheibriados
Kikubaaqudgha
Makhleb
Qazlal
Trog
Vehumet
Yredelemnul
Zin

Shops:
D:9 *


Innate Abilities, Weirdness & Mutations

You are something dangerously unstable.
You glow with magical radiation, making you easy to see and hit.
Foes you strike become dangerously contaminated with magical radiation.
You are incapable of wielding weapons or throwing items.
You can breathe blasts of noxious fumes.
Your lurid green scales are hard. (AC +7)
You cannot fit into any form of body armour.
Your system is resistant to poisons. (rPois)
You are cold-blooded and may be slowed by cold attacks.


Message History

Things that are here:
a +0 glaive; a +0 ring mail
Things that are here:
a +0 glaive; a +0 ring mail You open the large door.
A red film seems to cover your vision as you go berserk!
You feel yourself moving faster!
You feel mighty!
The deep elf pyromancer mumbles some strange words.
The deep elf pyromancer blinks!
You feel a strong urge to attack something.
There is a large open translucent door here.
You feel your anger nearly subside.
You are no longer berserk.
You are exhausted.
You feel yourself slow down. The deep elf pyromancer misses you.
You barely miss the deep elf pyromancer.
Your tail-slap misses the deep elf pyromancer.
The deep elf pyromancer gestures at you while chanting.
The pyre arrow hits you.
You are covered in intense liquid fire!
You completely miss the deep elf pyromancer.
The liquid fire burns you!
The deep elf pyromancer gestures at you while chanting.
The bolt of fire hits you!!
You punch the deep elf pyromancer!
The deep elf pyromancer begins to glow.
The deep elf pyromancer is lightly wounded.
The liquid fire burns you!
The deep elf pyromancer gestures at you while chanting.
The bolt of fire hits you!!
* * * LOW HITPOINT WARNING * * *
You feel much better. The liquid fire burns you!
* * * LOW HITPOINT WARNING * * *
The deep elf pyromancer casts a spell.
The deep elf pyromancer barely misses you.
Okay, then.
Blink to where?
Press: ? - help, Dir - move target
As you read the scroll of blinking, it crumbles to dust.
The liquid fire burns you!
You die...

#### ####
#..##########..#
#....e§........#
##...8.E..8...##
#.)###''###p.#
#..##....##..#
#..#......#..#
#..#..##..#..#
#..#..##..#..#
#..#$$[[!?#..#
#..##[)?!##..#
#..########..#
##...8....8...##


You could see a deep elf pyromancer (contam) and a fire elemental (summoned).

Vanquished Creatures
  An orc knight (Bailey)
  Maurice (D:8)
  Maggie (D:6)
  7 yaks (D:9)
  Grum (D:8)
  2 steam dragons
  5 orc warriors (Bailey)
  An ice beast (D:7)
  2 black bears
  2 wolves (D:8)
  3 ogres
  A centaur (D:7)
  A kobold brigand (D:8)
  Blork the orc (D:6)
  A scorpion (D:5)
  4 bullfrogs
  2 necrophages (D:6)
  A water moccasin zombie (D:6)
  15 wights
  3 howler monkeys
  3 centaur zombies (D:6)
  2 bullfrog zombies (D:6)
  4 hounds
  A jelly (D:5)
  2 orc priests
  2 bombardier beetles (D:3)
  A gnoll bouda (D:8)
  A human zombie (D:6)
  5 iguanas
  5 orc wizards
  2 sleepcaps
  A mummy (D:6)
  16 adders
  22 gnolls
  A white imp (D:7)
  6 ufetubi
  7 dart slugs
  3 ribbon worms
  35 orcs
  6 bats
  12 endoplasms
  11 giant cockroaches
  9 goblins
  7 hobgoblins
  3 jackals (D:2)
  7 quokkas
  17 ball pythons
  11 frilled lizards
  5 kobolds
  3 rats
265 creatures vanquished.

Vanquished Creatures (collateral kills)
  A ribbon worm (D:3)
  5 orcs
  A jackal (D:2)
7 creatures vanquished.

Vanquished Creatures (others)
  An orc (D:3)
1 creature vanquished.

Grand Total: 273 creatures vanquished

Notes
Turn   | Place    | Note
-------+----------+-------------------------------------------
     0 | D:1      | CowFu the Draconian Shapeshifter began the quest for the
                  | Orb.
     0 | D:1      | Reached XP level 1. HP: 16/16 MP: 1/1
   146 | D:1      | Reached XP level 2. HP: 22/23 MP: 2/2
   533 | D:1      | Reached skill level 4 in Shapeshifting
   533 | D:1      | Reached XP level 3. HP: 16/28 MP: 3/3
   621 | D:1      | Found a faded altar of an unknown god.
  1041 | D:1      | Prayed at the altar of an unknown god.
  1041 | D:1      | Became a worshipper of Trog the Wrathful
  1041 | D:1      | Reached * piety under Trog
  1401 | D:2      | Reached XP level 4. HP: 35/35 MP: 4/4
  1453 | D:2      | Found the +5 Force Lance {heavy, knockback}
  1778 | D:2      | Reached skill level 5 in Shapeshifting
  2317 | D:3      | Reached ** piety under Trog
  2493 | D:3      | Reached XP level 5. HP: 40/40 MP: 5/5
  2620 | D:3      | Reached skill level 6 in Shapeshifting
  2689 | D:3      | Found an ancient bone altar of Kikubaaqudgha.
  2689 | D:3      | Found a burning altar of Makhleb.
  2778 | D:3      | Reached XP level 6. HP: 47/47 MP: 6/6
  2784 | D:3      | Found a snail-covered altar of Cheibriados.
  3009 | D:4      | Found a staircase to the Ecumenical Temple.
  3167 | D:4      | Reached skill level 7 in Shapeshifting
  3300 | D:4      | Identified the +9 mace of Pride {flame, rElec rF+ Int+4}
  3310 | D:4      | Found a radiant altar of Vehumet.
  3316 | D:4      | Reached *** piety under Trog
  3328 | D:4      | Found a bloodstained altar of Trog.
  3465 | D:5      | Entered Level 5 of the Dungeon
  3496 | D:4      | Your scales start taking on a lurid green colour.
  3496 | D:4      | Reached XP level 7. HP: 40/55 MP: 7/7
  3496 | D:4      | Gained mutation: Your system is resistant to poisons.
                  | (rPois) [Green Draconian growth]
  3943 | D:5      | Reached XP level 8. HP: 32/66 MP: 8/8
  4338 | D:6      | Identified 2 scrolls of acquirement
  4338 | D:6      | Acquired a manual of Unarmed Combat
  4340 | D:6      | Acquired a manual of Shapeshifting
  4429 | D:6      | Noticed Blork the orc
  4437 | D:6      | Killed Blork the orc
  4438 | D:6      | Reached skill level 5 in Unarmed Combat
  4475 | D:6      | Found a glowing drain.
  4483 | Sewer    | Entered a sewer
  4547 | Sewer    | Reached **** piety under Trog
  4798 | Sewer    | Reached skill level 8 in Shapeshifting
  4926 | D:6      | Noticed Maggie
  4939 | D:6      | Killed Maggie
  4940 | D:6      | Reached skill level 9 in Shapeshifting
  4946 | D:6      | Found a glowing silver altar of Zin.
  4951 | D:6      | Reached skill level 10 in Shapeshifting
  5267 | D:6      | Paralysed by a wight for 4 turns
  5278 | D:6      | Paralysed by a wight for 2 turns
  5287 | D:6      | Reached XP level 9. HP: 64/71 MP: 9/9
  5374 | D:6      | Found a basalt altar of Yredelemnul.
  5601 | D:6      | Reached skill level 11 in Shapeshifting
  5614 | D:6      | Reached ***** piety under Trog
  6346 | D:7      | Identified the +6 sling "Giliojeng" {drain, rCorr}
  6781 | D:8      | Noticed Grum
  6786 | D:8      | Reached skill level 12 in Shapeshifting
  6799 | D:8      | Killed Grum
  6899 | D:8      | Found a broken altar of Ashenzari.
  7056 | D:8      | Reached skill level 10 in Unarmed Combat
  7068 | D:8      | Noticed Maurice
  7083 | D:8      | Killed Maurice
  7084 | D:8      | Reached XP level 10. HP: 79/79 MP: 6/10
  7095 | D:8      | Reached skill level 13 in Shapeshifting
  7130 | D:8      | Found a stormy altar of Qazlal.
  7522 | D:9      | Received a gift from Trog
  7628 | D:9      | Reached skill level 14 in Shapeshifting
  7672 | D:9      | Found Zasum's Changing Room.
  7734 | D:9      | Found a flagged portal.
  7760 | Bailey   | Entered a bailey
  7887 | Bailey   | Noticed an orc knight
  7966 | Bailey   | Killed an orc knight
  7967 | Bailey   | Reached skill level 15 in Shapeshifting
  8018 | Bailey   | Found a large runed translucent door.
  8018 | Bailey   | Found a large runed translucent door.
  8019 | Bailey   | Noticed a deep elf pyromancer
  8074 | Bailey   | HP: 2/79 [burnt (19)]
  8075 | Bailey   | Incinerated by a deep elf pyromancer

Illustrated notes

Levels and vault maps discovered:
D:1:      roadster_arrival_rocket_large, layout_basic,
          hellmonk_ecumenical_altar_zigzags
D:2:      layout_basic
D:3:      layout_loops_ring, mainiacjoe_overflow_divided_tiny, slow_altar_2
D:4:      layout_rooms, trog_three_pillars_becter, nicolae_vehumet_altar_sigil,
          minmay_temple_entry_grid
D:5:      layout_basic, st_stairs_10
D:6:      layout_loops_ring, mainiacjoe_overflow_alcove_1,
          lemuel_mausoleum_altar_yredelemnul, portal_sewer_entry_f, uniq_maggie,
          uniq_blork_the_orc
D:7:      layout_loops_corners
D:8:      layout_basic, grunt_qazlal_sundering, nicolae_ashenzari_skybound,
          serial_curves, eino_curves_02, eino_curves_03, uniq_maurice, uniq_grum
D:9:      minmay_the_grid_plus_closed [minmay_the_grid_doors,
          minmay_the_grid_outer_diamond, minmay_the_grid_spin_star,
          minmay_the_grid_garden, minmay_the_grid_prize_big_room],
          layout_loops_ring, enter_bailey_4, nicolae_transmutations_shop,
          grunt_decor_fettered, minivault_22, uniq_prince_ribbit1
Bailey:   bailey_polearm_elven_captive_hellmonk, bailey

Skill      XL: |  1  2  3  4  5  6  7  8  9 10 |
---------------+-------------------------------+-----
Shapeshifting  | 4 5 6 7 10 12 15 | 15.1
Dodging        | 2 3 |  3.8
Fighting       | 2 4 |  4.2
Unarmed Combat | 4 6 10 12 | 12.0

Action                     |  1- 3 |  4- 6 |  7- 9 | 10-12 || total
---------------------------+-------+-------+-------+-------++-------
  Melee: Unarmed           |    65 |   239 |   567 |   176 ||  1047
         Punch             |     1 |       |       |       ||     1
         Tailslap          |     5 |    26 |    94 |    36 ||   161
 Invoke: Berserk           |     1 |     1 |     1 |     1 ||     4
Ability: Breathe Noxious F |       |       |     1 |       ||     1
         Begin Untransform |       |       |     1 |       ||     1
    Use: Scroll            |       |       |    17 |     4 ||    21
         Potion            |       |       |     1 |     2 ||     3
   Stab: Distracted        |       |     3 |       |       ||     3
         Sleeping          |       |     1 |       |       ||     1
 Armour: Skin              |    34 |   138 |   271 |    96 ||   539
  Dodge: Dodged            |    32 |   168 |   578 |   137 ||   915
   Form: Flux              |       |     1 |     1 |       ||     2

Table legend: (Time is in decaauts)
 A = Elapsed time spent in this place.
 B = Non-inter-level travel time spent in this place.
 C = Inter-level travel time spent in this place.
 D = Time resting spent in this place.
 E = Time spent auto-exploring this place.
 F = Levels seen in this place.
 G = Mean time per level.
                   A        B        C        D        E       F      G
               +--------+--------+--------+--------+--------+-----+--------+
         Total |   8055 |   7855 |    200 |     24 |   5393 |  11 |  732.3 |
       Dungeon |   7349 |   7149 |    200 |     24 |   5297 |   9 |  816.6 |
         Sewer |    405 |    405 |      0 |      0 |     17 |   1 |  405.0 |
        Bailey |    301 |    301 |      0 |      0 |     79 |   1 |  301.0 |
               +--------+--------+--------+--------+--------+-----+--------+

Top non-repeatable levels by time:
     D:2: 1168 daAuts
     D:1: 1048 daAuts
     D:6: 1034 daAuts
     D:7: 953 daAuts
     D:5: 788 daAuts
     D:3: 786 daAuts
     D:8: 750 daAuts
     D:4: 531 daAuts
   Sewer: 405 daAuts
  Bailey: 301 daAuts
     D:9: 287 daAuts
